 Dungeon Crawl Stone Soup version 0.25.1-11-g244df3a29b (webtiles) character file.

Game seed: 11116524295494760317

6405 DeepDeath the Cruncher (level 10, -4/56 HPs)
             Began as a Gargoyle Abyssal Knight on Jan 19, 2024.
             Was a High Priest of Lugonu.
             Killed from afar by a fire dragon (34 damage)
             ... with a blast of flame
             ... on level 9 of the Dungeon.
             The game lasted 00:29:09 (9181 turns).

DeepDeath the Cruncher (Gargoyle Abyssal Knight)    Turns: 9181, Time: 00:29:10

Health: -4/56      AC: 18    Str: 18    XL:     10   Next: 98%
Magic:  20/20      EV: 10    Int: 14    God:    Lugonu [*****.]
Gold:   211        SH:  0    Dex:  9    Spells: 9/9 levels left

rFire    . . .     SeeInvis .   C - +4 quarterstaff
rCold    . . .     Gourm    .   (shield currently unavailable)
rNeg     + + .     Faith    .   p - +0 scale mail "Fulycre" {rN+ MP+9}
rPois    ∞         Spirit   .   (no helmet)
rElec    +         Reflect  .   m - +2 cloak
rCorr    .         Harm     .   (no gloves)
MR       +....                  (no boots)
Stlth    ..........             H - amulet of the acrobat
HPRegen  0.18/turn              s - ring of wizardry
MPRegen  0.17/turn              J - ring of protection from magic

@: berserk cooldown, stab, slowed, very slow
A: negative energy resistance 1, electricity resistance, unbreathing,
petrification resistance, rot immunity, AC +7
a: Depart the Abyss, Bend Space, Banish, Corrupt, Enter the Abyss, Renounce
Religion


You were on level 9 of the Dungeon.
You worshipped Lugonu.
Lugonu was extremely pleased with you.
You were not hungry.

You visited 1 branch of the dungeon, and saw 9 of its levels.
You visited the Abyss 1 time.

You collected 603 gold pieces.
You spent 392 gold pieces at shops.

Inventory:

Hand Weapons
 a - a +1 mace
 d - a +0 hand crossbow
 l - a +0 flail
 w - a +3 vorpal hunting sling
 C - a +4 quarterstaff (weapon)
 P - a +4 dire flail
Missiles
 e - 77 stones
 g - 144 arrows
 h - 40 poisoned darts
 n - 64 bolts
 v - 50 sling bullets
 z - 4 boomerangs (quivered)
 E - a throwing net
 Q - 4 boomerangs of dispersal
Armour
 m - a +2 cloak (worn)
 p - the +0 scale mail "Fulycre" (worn) {rN+ MP+9}
   (You found it on level 7 of the Dungeon)

   It protects you from negative energy.
   It affects your magic capacity (+9).
 t - the cursed +0 cloak of the Beginning {rC+ SInv, unknown}
   (You found it on level 9 of the Dungeon)

   It protects you from cold.
   It lets you see invisible.
   It has a curse placed upon it.
 u - a +1 buckler
Jewellery
 r - an uncursed ring of protection from cold
 s - a ring of wizardry (left hand)
 H - an amulet of the acrobat (around neck)
 J - a ring of protection from magic (right hand)
Wands
 k - a wand of digging (4)
 K - a wand of polymorph (10)
 L - a wand of clouds (1)
 N - a wand of random effects (16)
 R - a wand of enslavement (8)
 S - a wand of flame (29)
Scrolls
 i - 2 scrolls of teleportation
 o - 8 scrolls of remove curse
 x - a scroll of amnesia
 y - a scroll of identify
 I - 2 scrolls of enchant armour
Potions
 b - a potion of heal wounds
 c - 2 potions of curing
 j - 4 potions of flight
 B - a potion of resistance
 D - 3 potions of might
 M - a potion of mutation
 X - a potion of ambrosia {unknown}
Comestibles
 f - 17 rations


   Skills:
 - Level 4.0 Fighting
 - Level 8.1(10.6) Maces & Flails
 * Level 10.9(11.9) Staves
 - Level 2.0 Throwing
 - Level 7.0 Armour
 - Level 2.0 Dodging
 - Level 5.0 Shields
 - Level 2.0 Invocations
 - Level 2.0 Evocations


You had 9 spell levels left.
You didn't know any spells.
Your spell library contained the following spells:

 Spells                   Type           Power        Failure   Level  Hunger
 Corona                   Hex            #......      32%         1    ##.....
 Freeze                   Ice            #...         32%         1    ##.....
 Sting                    Tmut/Pois      #...         32%         1    ##.....
 Ensorcelled Hibernation  Hex/Ice        #.....       43%         2    ###....
 Poisonous Vapours        Pois/Air       #.....       43%         2    ###....
 Confusing Touch          Hex            #.......     65%         3    ####...
 Dazzling Flash           Conj/Hex       #.....       65%         3    ####...
 Frozen Ramparts          Ice            #.....       65%         3    ####...
 Ignite Poison            Fire/Tmut/Pois #.......     65%         3    ####...
 Mephitic Cloud           Conj/Pois/Air  #.......     65%         3    ####...
 Ozocubu's Armour         Chrm/Ice       #.......     65%         3    ####...
 Tukima's Dance           Hex            #.......     65%         3    ####...
 Hailstorm                Conj/Ice       #.......     95%         4    #####..
 Olgreb's Toxic Radiance  Pois           #.......     95%         4    #####..
 Summon Ice Beast         Ice/Summ       #.......     95%         4    #####..


Dungeon Overview and Level Annotations

Branches:
Dungeon (9/15)             Temple (0/1) D:4            Lair (0/6) D:9
    Orc: D:9-12

Altars:
Ashenzari
Hepliaklqana
Kikubaaqudgha
Okawaru
Qazlal
Sif Muna
Vehumet
Wu Jian
Xom
Zin
The Shining One

Shops:
D:6 !

Annotations:
D:5 exclusion: statue


Innate Abilities, Weirdness & Mutations

You are resistant to torment.
Your stone body is resilient. (AC +7)
You are immune to poison.
You resist negative energy. (rN+)
You are resistant to electric shocks. (rElec)
You can survive without breathing.
You are immune to petrification.
You are immune to rotting.


Message History

You hit the yak.
You kill the yak!
Lugonu accepts your kill.
The yak is engulfed in noxious fumes. x2; The yak appears confused.
Unknown command.
The helpless yak fails to defend itself.
You sock the yak!
The yak is almost dead.
The yak is engulfed in noxious fumes.
The yak appears confused.
The yak is engulfed in noxious fumes.
The yak gores the yak!
The yak is killed!
Lugonu accepts your kill.
You thump the yak!
You kill the yak!
Lugonu accepts your kill.
The yak is engulfed in noxious fumes.
The fire dragon breathes flames at you. The blast of flame hits you!!
Ouch! That really hurt!
You die...

§§§> ....((....#.#...........
.........<..#...........
....!......#....<.....##
##.......).............
........##...Y.§§°.####.########
..#.#.......o..§§Y.#....#
...........####D###...##
#..#.....#####§# #...#
###............#@###...#
.............!...#.....#
?................[...).#
................##.#...#
###..####...###.#......# #.
###.##.........# #......##.#####
#..#....##.# ...##..####..


You could see a fire dragon (catching breath) and a yak (confused).

Vanquished Creatures
  Harold (D:9)
  A two-headed ogre (D:8)
  Joseph (D:9)
  A wyvern (D:8)
  5 yaks (D:9)
  2 hungry ghosts
  3 orc warriors
  A black bear (D:8)
  3 sky beasts (D:8)
  2 phantoms (D:8)
  3 centaurs
  3 ogres
  3 big kobolds (D:8)
  6 bullfrogs
  3 scorpions (D:8)
  4 howler monkeys
  A crimson imp (D:9)
  A jelly (D:9)
  A quasit (D:6)
  5 hounds
  7 orc priests
  3 bullfrog skeletons
  Jessica (D:2)
  An iguana (D:9)
  6 orc wizards
  8 worker ants
  A killer bee zombie (D:4)
  2 hound skeletons
  A worker ant zombie (D:7)
  2 howler monkey zombies
  9 adders
  7 gnolls
  A shadow imp (D:6)
  An ooze (D:1)
  An adder zombie (D:7)
  3 adder skeletons
  3 worms
  2 dart slugs
  6 leopard geckos
  32 orcs
  9 giant cockroaches
  4 goblins
  11 hobgoblins
  14 jackals
  2 quokkas
  2 ball pythons
  8 bats
  10 frilled lizards
  9 kobolds
  9 rats
225 creatures vanquished.

Vanquished Creatures (others)
  Psyche (D:9)
  6 toadstools (D:2)
7 creatures vanquished.

Grand Total: 232 creatures vanquished

Notes
Turn   | Place    | Note
-------+----------+-------------------------------------------
     0 | Abyss:1  | DeepDeath the Gargoyle Abyssal Knight began the quest for
                  | the Orb.
     0 | Abyss:1  | Reached XP level 1. HP: 14/14 MP: 2/2
    91 | Abyss:1  | Found a viscous altar of Jiyva.
   115 | Abyss:1  | Noticed a lich
   149 | Abyss:2  | Noticed a chaos spawn
   159 | Abyss:2  | Noticed a green very ugly thing
   163 | Abyss:2  | Found a corrupted altar of Lugonu.
   183 | D:1      | Escaped the Abyss
   416 | D:1      | Reached XP level 2. HP: 12/19 MP: 3/3
   905 | D:1      | Reached XP level 3. HP: 23/23 MP: 4/4
  1372 | D:2      | Reached * piety under Lugonu
  1428 | D:2      | Found a shimmering altar of Xom.
  1432 | D:2      | Found an iron altar of Okawaru.
  1433 | D:2      | Found a shattered altar of Ashenzari.
  1433 | D:2      | Found an ancient bone altar of Kikubaaqudgha.
  1891 | D:2      | Reached XP level 4. HP: 27/28 MP: 5/5
  2072 | D:2      | Noticed Jessica
  2079 | D:2      | Killed Jessica
  2079 | D:2      | Reached skill level 1 in Throwing
  2175 | D:2      | Reached XP level 5. HP: 32/32 MP: 6/6
  2176 | D:2      | Reached ** piety under Lugonu
  2650 | D:3      | Reached skill level 5 in Maces & Flails
  2935 | D:3      | Reached XP level 6. HP: 8/37 MP: 7/7
  3274 | D:3      | Reached *** piety under Lugonu
  3298 | D:3      | Reached skill level 1 in Shields
  3657 | D:4      | Reached XP level 7. HP: 36/41 MP: 8/8
  3801 | D:4      | Found a stormy altar of Qazlal.
  3851 | D:4      | Found a staircase to the Ecumenical Temple.
  4215 | D:5      | Entered Level 5 of the Dungeon
  4227 | D:5      | Reached skill level 1 in Dodging
  4573 | D:5      | Reached XP level 8. HP: 43/46 MP: 9/9
  4723 | D:5      | Found a radiant altar of Vehumet.
  5221 | D:6      | Found Disukoz's Distillery.
  5225 | D:6      | Bought a potion of degeneration for 14 gold pieces
  5225 | D:6      | Bought a potion of berserk rage for 70 gold pieces
  5225 | D:6      | Bought a potion of might for 56 gold pieces
  5229 | D:6      | Bought a potion of might for 56 gold pieces
  5229 | D:6      | Bought a potion of might for 56 gold pieces
  5229 | D:6      | Bought a potion of haste for 140 gold pieces
  5308 | D:6      | Reached skill level 1 in Staves
  5425 | D:6      | Reached skill level 2 in Staves
  5660 | D:6      | Reached skill level 3 in Staves
  5759 | D:6      | Reached skill level 4 in Staves
  5835 | D:6      | Found a hazy altar of Hepliaklqana.
  6022 | D:7      | Reached **** piety under Lugonu
  6040 | D:6      | Reached skill level 5 in Staves
  6076 | D:7      | Found a shattered altar of Ashenzari.
  6204 | D:7      | Reached skill level 6 in Staves
  6204 | D:7      | Reached XP level 9. HP: 28/51 MP: 10/10
  6536 | D:7      | Found an ornate altar of the Wu Jian Council.
  6700 | D:7      | Found a glowing golden altar of the Shining One.
  7092 | D:7      | Got a warped scale mail
  7103 | D:7      | Identified the cursed +0 scale mail "Fulycre" {rN+ MP+9}
                  | (You found it on level 7 of the Dungeon)
  7254 | D:8      | Reached skill level 1 in Evocations
  8154 | D:8      | Found a shimmering blue altar of Sif Muna.
  8154 | D:8      | Noticed a two-headed ogre
  8158 | D:8      | Reached skill level 5 in Shields
  8163 | D:8      | Killed a two-headed ogre
  8163 | D:8      | Reached skill level 7 in Staves
  8163 | D:8      | Reached XP level 10. HP: 56/56 MP: 11/11
  8188 | D:8      | Reached ***** piety under Lugonu
  8302 | D:8      | Reached skill level 8 in Staves
  8753 | D:9      | Found a glowing silver altar of Zin.
  8802 | D:9      | Found a staircase to the Lair.
  8802 | D:9      | Noticed a fire dragon
  8844 | D:9      | Noticed Joseph
  8851 | D:9      | Noticed Psyche
  8853 | D:9      | Got a heavily runed cloak
  8873 | D:9      | Killed Psyche
  8885 | D:9      | Killed Joseph
  8885 | D:9      | Reached skill level 9 in Staves
  9073 | D:9      | Noticed Harold
  9139 | D:9      | Killed Harold
  9139 | D:9      | Reached skill level 10 in Staves
  9181 | D:9      | Killed from afar by a fire dragon

Illustrated notes

Levels and vault maps discovered:
D:1:      dpeg_arrival_water_fire, layout_loops_ring,
          hangedman_abyss_or_decor_lesser_grid
D:2:      layout_basic, grunt_temple_overflow_open, first_ration,
          minmay_gold_behind_fungi, serial_park_tiny_1, uniq_jessica
D:3:      layout_basic
D:4:      layout_rooms, nicolae_qazlal_eye_of_the_storm,
          minmay_temple_entry_proselytizer, st_stairs_14, minivault_25,
          kennysheep_generic_room_8
D:5:      layout_cave_pods, vehumet_statue
D:6:      layout_gridville, marbit_many_paths, serial_shops,
          nicolae_shop_crystal
D:7:      layout_layer_cave, tso_metal_star, nicolae_overflow_crystal_walls,
          evilmike_ruin_ashenzari
D:8:      layout_loops_corners, blue_anna_alchemist [blue_anna_fruit_fields,
          blue_anna_fruit_fields], minmay_ruined_shrine
D:9:      layout_rooms, zin_academy, minmay_lair_entry_lava, uniq_harold,
          uniq_psyche, uniq_joseph

Skill      XL: |  1  2  3  4  5  6  7  8  9 10 |
---------------+-------------------------------+-----
Maces & Flails | 3 4 5 6 8 |  8.1
Throwing       | 1 2 |  2.0
Shields        | 2 4 5 |  5.0
Dodging        | 1 2 |  2.0
Staves         | 6 7 10 | 10.9
Evocations     | 2 |  2.0
Armour         | 6 7 |  7.0
Fighting       | 4 |  4.0
Invocations    | |  2.0

Action                   |  1- 3 |  4- 6 |  7- 9 | 10-12 || total
-------------------------+-------+-------+-------+-------++-------
Melee: Mace              |   126 |   240 |   127 |       ||   493
       Quarterstaff      |       |       |   304 |   123 ||   427
Throw: Dart              |       |    18 |    25 |     7 ||    50
       Boomerang         |       |       |       |     6 ||     6
       Javelin           |       |       |       |     2 ||     2
Invok: Depart the Abyss  |     1 |       |       |       ||     1
Evoke: Wand              |       |       |     2 |    14 ||    16
  Use: Scroll            |     4 |     5 |     8 |     9 ||    26
       Potion            |       |     2 |     1 |     9 ||    12
 Stab: Sleeping          |       |       |       |    10 ||    10
       Invisible         |       |       |       |     1 ||     1
  Eat: Ration            |     1 |       |     1 |     3 ||     5
       Chunk             |       |     6 |    11 |     3 ||    20
Armor: Leather armour    |    86 |   116 |   154 |       ||   356
       Scale mail        |       |       |    56 |    61 ||   117
Dodge: Dodged            |   103 |   166 |   242 |    79 ||   590
Block: Buckler           |       |       |    20 |       ||    20
